 Dungeon Crawl Stone Soup version 0.20.1-1-g8b1a95d (webtiles) character file.

609 Jukra the Chopper (level 7, 0/56 (61) HPs)
             Began as a Minotaur Berserker on Sept 2, 2017.
             Was a Follower of Yredelemnul.
             Slain by a polar bear (2 damage)
             ... created by the rage of Trog
             ... on level 5 of the Dungeon.
             The game lasted 00:19:06 (3949 turns).

Jukra the Chopper (Minotaur Berserker)              Turns: 3949, Time: 00:19:07

HP:   0/56 (61)     AC: 11    Str: 23    XL:     7   Next: 19%
MP:   6/6           EV:  3    Int:  4    God:    Yredelemnul [*.....]
Gold: 304           SH: 14    Dex: 10    Spells: 6/6 levels left

rFire    . . .     SeeInvis .   a - +1 hand axe
rCold    . . .     Gourm    .   g - +0 large shield
rNeg     . . .     Faith    +   x - +0 plate armour
rPois    .         Spirit   .   (helmet restricted)
rElec    .         Reflect  .   (no cloak)
rCorr    .         Harm     .   (no gloves)
MR       .....                  (no boots)
Stlth    ..........             c - amulet of faith
Regen    0.2/turn               (no ring)
MPRegen  0.1/turn               (no ring)

@: no status effects
A: retaliatory headbutt, horns 2
a: Animate Remains, Renounce Religion


You were on level 5 of the Dungeon.
You worshipped Yredelemnul.
Yredelemnul was aware of your devotion.
You were not hungry.

You visited 1 branch of the dungeon, and saw 5 of its levels.

You collected 304 gold pieces.

Inventory:

Hand Weapons
 a - a +1 hand axe (weapon)
 k - a +0 hand axe
 p - a cursed +0 morningstar
 w - a +0 trident
Armour
 b - a +0 animal skin
 d - a +0 leather armour
 g - a +0 large shield (worn)
 h - a +0 pair of boots
 j - a +0 scale mail
 m - a +1 ring mail
 n - a +0 ring mail
 q - a +0 ring mail
 x - a +0 plate armour (worn)
Jewellery
 c - an amulet of faith (around neck)
 r - an uncursed amulet of magic regeneration
Wands
 t - a wand of digging (9/24)
Scrolls
 e - a scroll of identify
 f - 2 scrolls of teleportation
Potions
 o - a potion of brilliance
 s - a potion of curing {unknown}
 u - a potion of flight {unknown}
 v - a potion of magic {unknown}
Comestibles
 i - 2 meat rations
 l - 2 bread rations


   Skills:
 + Level 5.4 Fighting
 + Level 6.4 Axes
 + Level 4.0 Armour
 + Level 4.0 Dodging
 + Level 0.8 Stealth
 + Level 3.5 Shields


You had 6 spell levels left.
You didn't know any spells.

Dungeon Overview and Level Annotations

Branches:
Dungeon (5/15)
 Temple: D:4-7

Altars:
Elyvilon
Ru
Vehumet
Xom
Yredelemnul
Zin


Innate Abilities, Weirdness & Mutations

You reflexively headbutt those who attack you in melee.
You have a pair of horns on your head.


Message History

The polar bear bites you!! You block the polar bear's attack. x2
The polar bear bites you but does no damage.
The polar bear claws you but does no damage. x2
You closely miss the polar bear. x2
The black bear rages. x2
The polar bear bites you! You block the polar bear's attack.
The polar bear claws you.
* * * LOW HITPOINT WARNING * * *
You block the polar bear's attack. The polar bear claws you.
* * * LOW HITPOINT WARNING * * *
The polar bear claws you.
* * * LOW HITPOINT WARNING * * *
The polar bear bites you!
* * * LOW HITPOINT WARNING * * *
The polar bear barely misses you. You block the polar bear's attack.
You slash the polar bear! You headbutt the polar bear.
The polar bear is lightly wounded.
You hit the polar bear. The polar bear bites you.
You die...
Your body rises from the dead as a mindless zombie.

######
.....#
####.####
###
#.##..
..#
#.##.#
#.# #
#.##.#
#.# #
#.##.#
#h# #
#..#.#
#h# #
##.#.#
#@#
#####.#.#
#h#
........#
#h#
#####.###
#.#
#####.#
#.#
>.....#
##.##
#######
#...#
#...#
#...#


You could see 2 polar bears and 2 black bears.

Vanquished Creatures
  An orc warrior (D:5)
  A phantom (D:5)
  The ghost of NullDivider the Ducker, an amateur FeBe of Qazlal (D:3)
  A bullfrog zombie (D:5)
  A quasit (D:4)
  2 orc wizards
  2 orc priests (D:5)
  A worker ant (D:3)
  8 adders
  4 dart slugs
  4 leopard geckos
  4 orcs
  4 giant cockroaches
  6 goblins
  8 hobgoblins
  9 jackals
  2 kobolds
  5 quokkas
  A ball python (D:3)
  5 bats
  6 frilled lizards
  9 rats
85 creatures vanquished.

Notes
Turn   | Place    | Note
-------+----------+-------------------------------------------
     0 | D:1      | Jukra the Minotaur Berserker began the quest for the Orb.
     0 | D:1      | Reached XP level 1. HP: 19/19 MP: 0/0
   100 | D:1      | Reached XP level 2. HP: 26/27 MP: 1/1
   304 | D:1      | Reached skill level 4 in Axes
   310 | D:1      | Reached ** piety under Trog
   593 | D:1      | Reached XP level 3. HP: 22/33 MP: 2/2
  1080 | D:2      | Found a faded altar of an unknown god.
  1115 | D:2      | Fell from the grace of Trog
  1115 | D:2      | Became a worshipper of Yredelemnul the Dark
  1115 | D:2      | Reached * piety under Yredelemnul
  1181 | D:2      | Reached XP level 4. HP: 15/41 MP: 3/3
  1478 | D:3      | Found a glowing silver altar of Zin.
  1478 | D:3      | Found a radiant altar of Vehumet.
  1483 | D:3      | Found a white marble altar of Elyvilon.
  1485 | D:3      | Found a shimmering altar of Xom.
  1487 | D:3      | Found a sacrificial altar of Ru.
  1877 | D:3      | Noticed NullDivider's ghost (amateur FeBe)
  1885 | D:3      | Killed NullDivider's ghost
  1885 | D:3      | Reached skill level 5 in Axes
  1885 | D:3      | Reached XP level 5. HP: 29/47 MP: 4/4
  1987 | D:3      | Reached skill level 1 in Shields
  2132 | D:3      | Reached ** piety under Yredelemnul
  2774 | D:4      | Reached skill level 5 in Fighting
  2774 | D:4      | Reached XP level 6. HP: 39/51 MP: 5/5
  2939 | D:5      | Entered Level 5 of the Dungeon
  2960 | D:5      | Reached skill level 6 in Axes
  3226 | D:5      | Noticed an orc warrior
  3245 | D:5      | Killed an orc warrior
  3245 | D:5      | Reached XP level 7. HP: 17/56 MP: 6/6
  3944 | D:5      | Noticed a polar bear
  3944 | D:5      | Noticed a polar bear
  3948 | D:5      | HP: 2/56 [polar bear[the rage of Trog] (9)]
  3949 | D:5      | Slain by a polar bear

Skill      XL: |  1  2  3  4  5  6  7 |
---------------+----------------------+-----
Fighting       | 4 5 |  5.4
Axes           | 4 5 6 |  6.4
Armour         | 3 4 |  4.0
Dodging        | 3 4 |  4.0
Shields        | 1 3 |  3.5
Stealth        | |  0.8

Action                   |  1- 3 |  4- 6 |  7- 9 || total
-------------------------+-------+-------+-------++-------
Melee: Hand axe          |    93 |   116 |    21 ||   230
       Headbutt          |    15 |    19 |     4 ||    38
Invok: Animate Remains   |       |       |     1 ||     1
  Use: Scroll            |     5 |     1 |     2 ||     8
       Potion            |     1 |     5 |       ||     6
 Stab: Sleeping          |       |     2 |       ||     2
  Eat: Bread ration      |     1 |       |       ||     1
       Chunk             |       |     2 |       ||     2
       Royal jelly       |       |     2 |       ||     2
Armor: Leather armour    |    23 |    18 |       ||    41
       Skin              |     2 |       |       ||     2
       Plate armour      |       |       |    18 ||    18
Dodge: Dodged            |    46 |    41 |     2 ||    89
Block: Large shield      |    23 |    69 |    20 ||   112
